 Dungeon Crawl Stone Soup version 0.17-a0-1382-gc46a074 (console) character file.

242 utis the Slasher (level 5, 45/45 HPs)
             Began as a Centaur Fighter on June 15, 2015.
             Quit the game on level 3 of the Dungeon.
             The game lasted 00:10:09 (3996 turns).

utis the Slasher (Centaur Fighter)                  Turns: 3996, Time: 00:10:09

Health: 45/45      AC:  6    Str: 18    XL:     5   Next: 81%
Magic:  5/5        EV:  5    Int:  7    God:
Gold:   164        SH:  8    Dex: 13    Spells: 0 memorised, 4 levels left

rFire  . . .     SeeInvis .     a - +0 long sword
rCold  + . .     Clarity  .     v - +0 scale mail
rNeg   . . .     SustAt   .     c - +0 shield
rPois  .         Gourm    .     (no helmet)
rElec  .         Spirit   .     (no cloak)
rCorr  .         Warding  .     (no gloves)
rMut   +         Stasis   .     (no barding)
MR     .....                    w - amulet of resist mutation
Stlth  ..........               C - +3 ring of dexterity {=f}
                                t - ring of protection from cold

@: very quick, not resistant to hostile enchantments, extremely unstealthy
A: hooves 3, deformed body, speed 2, tough skin 3
a: no special abilities


You were on level 3 of the Dungeon.
You were not hungry.

You visited 1 branch of the dungeon, and saw 3 of its levels.

You collected 164 gold pieces.

Inventory:

Hand weapons
 a - a +0 long sword (weapon)
 b - a +0 hunting sling
 B - a +4 quarterstaff of chaos
Missiles
 f - 9 poisoned sling bullets
 i - 98 stones (quivered)
 j - 19 poisoned needles
 k - 16 sling bullets
 x - 7 tomahawks
Armour
 c - a +0 shield (worn)
 u - a +0 helmet
 v - a +0 scale mail (worn)
 y - a +0 cloak
Jewellery
 t - a ring of protection from cold (left hand)
 w - an amulet of resist mutation (around neck)
 C - a +3 ring of dexterity (right hand) {=f}
Scrolls
 h - a scroll of immolation {unknown}
 q - 2 scrolls of enchant weapon {unknown}
 D - a scroll of enchant armour {unknown}
 E - a scroll of recharging {unknown}
 F - a scroll of remove curse {unknown}
 H - a scroll of blinking {unknown}
 I - a scroll of identify
Potions
 d - 2 potions of might
 g - a potion of lignification
 l - a potion of magic
 m - a potion of curing
 n - 2 potions of mutation {unknown}
 o - a potion of agility {unknown}
 A - a potion of flight {unknown}
Books
 z - a book of the Tempests

   Spells                             Type                      Level
   a - Static Discharge               Conjuration/Air              3
   b - Lightning Bolt                 Conjuration/Air              5
   c - Fireball                       Conjuration/Fire             5
   d - Tornado                        Air                          9
   e - Shatter                        Earth                        9
Comestibles
 e - 2 bread rations
 p - a meat ration
 r - 2 beef jerkies
 s - 3 fruits
 G - 3 chunks of flesh


   Skills:
 - Level 3.0 Fighting
 - Level 5.1 Long Blades
 + Level 2.5 Armour
 + Level 1.0 Dodging
 - Level 2.1 Shields


You had 4 spell levels left.
You didn't know any spells.

Dungeon Overview and Level Annotations

Branches:
Dungeon (3/15)

Altars:
Fedhas
Sif Muna
Vehumet


Innate Abilities, Weirdness & Mutations

You have hooves in place of feet.
Armour fits poorly on your strangely shaped body.
You cover ground very quickly.
You have extremely tough skin (AC +3).


Message History

You barely miss the orc. You block the orc's attack. The orc barely misses you.
You hit the orc.
The orc is severely wounded.
The orc barely misses you.
You slash the orc!
You kill the orc!
No target in view!
No target in view!
No target in view!
n - 2 black potions (gained 1);
I - a scroll of identify
q - 2 scrolls labeled FAMIED LUTUY (gained 1)
i - 98 stones (gained 1)
Items here: ))) [[ † You butcher the orc corpse.
Some of the chunks of flesh in your inventory have rotted away.
G - 3 chunks of flesh (gained 2)
Items here: ))) [[ ÷ You start resting.
HP restored.
Are you sure you want to abandon this character and quit the game? (Confirm with "yes".)

▓▓▓▓▓▓▓▓▓ ▓▓
▓▓▓.▓o.o....▓ ▓.
.➘.......▓▓.▓ ▓▓▓.
.%..▓.▓▓.▓▓➘▓▓▓▓▓▓▓▓▓
▓... .▓ ▓
▓.....➘➘➘c)...▓ ▓...
▓.......▓▓▓▓▓▓▓.▓
▓... ▓.▓...▓.▓ ▓.▓
▓... ▓.......▓ ▓.▓
▓... ▓▓▓▓.▓▓▓▓
▓.▓▓▓▓▓ ▓▓▓. ▓.▓
▓.▓...▓ ▓. ▓' ▓.....▓
▓. ▓▓▓...▓ ▓.
▓▓▓▓▓.▓▓ ▓.


There were no monsters in sight!

Vanquished Creatures
  An orc priest (D:3)
  2 orc wizards (D:3)
  Crazy Yiuf (D:2)
  Robin (D:2)
  2 adders
  2 worms (D:2)
  A giant gecko (D:1)
  11 orcs
  A ball python (D:3)
  8 bats
  A bat skeleton (D:3)
  2 giant cockroaches
  13 goblins
  9 hobgoblins
  2 quokkas
  4 giant newts (D:1)
  3 jackals (D:2)
  3 kobolds (D:2)
  10 rats
77 creatures vanquished.

Notes
Turn   | Place    | Note
--------------------------------------------------------------
     0 | D:1      | utis the Centaur Fighter began the quest for the Orb.
     0 | D:1      | Reached XP level 1. HP: 19/19 MP: 1/1
   186 | D:1      | Reached XP level 2. HP: 23/26 MP: 2/2
  1196 | D:2      | Reached XP level 3. HP: 29/31 MP: 3/3
  1577 | D:2      | Found a radiant altar of Vehumet.
  1580 | D:2      | Found a deep blue altar of Sif Muna.
  1602 | D:2      | Noticed Robin
  1701 | D:2      | Killed Robin
  1870 | D:2      | Reached XP level 4. HP: 31/38 MP: 4/4
  2010 | D:2      | Found a blossoming altar of Fedhas.
  2039 | D:2      | Reached skill level 4 in Long Blades
  2355 | D:2      | Noticed Crazy Yiuf
  2410 | D:2      | Killed Crazy Yiuf
  2510 | D:2      | Found a faded altar to an unknown god.
  2670 | D:3      | Reached XP level 5. HP: 31/45 MP: 5/5
  3212 | D:3      | Reached skill level 5 in Long Blades
  3412 | D:3      | my god
  3925 | D:3      | Reached skill level 1 in Dodging
  3996 | D:3      | Quit the game

Vault maps used:
D:1:      saegor_arrival_simple_c, supply_closet_lemuel, moated_statue
D:2:      nicolae_overflow_hidden_temple, grunt_temple_overflow_open,
          ecumenical_altar_2, serial_park_tiny_pond, uniq_crazy_yiuf_cottage,
          uniq_robin
D:3:      ashenzari_altar_1

Action                   |  1- 3 |  4- 6 || total
-------------------------+-------+-------++-------
Melee: Long sword        |   130 |   133 ||   263
 Fire: Hunting sling     |     4 |     9 ||    13
Throw: Stone             |     8 |    27 ||    35
  Use: Scroll            |     2 |     1 ||     3
       Potion            |       |     1 ||     1
  Eat: Chunk             |     2 |     6 ||     8
